 Dungeon Crawl Stone Soup version 0.31-a0-180-g519b7de00c (webtiles) character file.

Game seed: 4534154967374057425

172 qw the Chopper (level 5, -1/32 HPs)
             Began as a Gargoyle Fighter on June 19, 2023.
             Slain by an orc priest
             ... wielding a +0 hand axe
              (6 damage)
             ... on level 3 of the Dungeon.
             The game lasted 00:01:14 (2586 turns).

qw the Chopper (Gargoyle Fighter)                   Turns: 2586, Time: 00:01:14

Health: -1/32      AC: 10    Str: 21    XL:     5   Next: 53%
Magic:  5/5        EV:  9    Int:  9    God:
Gold:   110        SH:  4    Dex:  9    Spells: 4/4 levels left

rFire   . . .        Y - +0 war axe
rCold   . . .        c - +0 buckler
rNeg    + . .        b - +0 scale mail
rPois   inf          (no helmet)
rElec   +            (no cloak)
rCorr   .            (no gloves)
SInv    .            (no boots)
Will    .....        (no amulet) Stlth
                     (no ring)
HPRegen 0.25/turn    (no ring)
MPRegen 0.09/turn

%: no passive effects
@: no status effects
A: sickness immunity, AC +4, negative energy resistance 1, electricity
resistance, torment resistance 1, petrification resistance
a: no special abilities


You were on level 3 of the Dungeon.
You visited 1 branch of the dungeon, and saw 3 of its levels.

You collected 110 gold pieces.


Innate Abilities, Weirdness & Mutations

You are immune to sickness and miasma.
Your stone body is resilient. (AC +4)
You are immune to poison.
You resist negative energy. (rN+)
You are resistant to electric shocks. (rElec)
You are resistant to unholy torment.
You are immune to petrification.


   Skills:
 + Level 3.3 Fighting
 - Level 5.0 Axes
 - Level 3.2 Armour
 - Level 3.2 Shields


You had 4 spell levels left.
You didn't know any spells.
Your spell library was empty.

Inventory:

Hand Weapons
 a - a +0 whip
 Y - a +0 war axe (weapon)
Missiles
 j - 3 boomerangs (quivered)
Armour
 b - a +0 scale mail (worn)
 c - a +0 buckler (worn)
Potions
 d - a potion of might
 e - a potion of lignification {unknown}
 f - a potion of berserk rage {unknown}
 g - a potion of haste
 h - a potion of enlightenment {unknown}
 i - a potion of resistance {unknown}

Dungeon Overview and Level Annotations

Branches:
Dungeon (3/15)

Altars:

Shops:
D:3 (


Message History

You resist with some effort. You block the orc priest's attack.
You barely miss the orc priest. You closely miss the orc wizard.
The orc wizard casts a spell.
The orc wizard flickers and vanishes!
Deactivating autopickup; reactivate with Ctrl-A.
The orc priest barely misses you.
You closely miss the orc priest. You barely miss something.
Something hits you but does no damage.
The orc priest hits you with a +0 hand axe.
You hear some strange, mumbled words.
A magic dart appears from out of thin air!
The magic dart hits you.
The orc priest hits you but does no damage.
You barely miss the orc priest. You hit something.
Something hits you but does no damage. You block the orc priest's attack.
You barely miss the orc priest. You hit something but do no damage.
Something hits you but does no damage.
The orc priest casts a cantrip, but nothing happens.
You completely miss the orc priest. You barely miss something.
You hear some strange, mumbled words.
You are confused.
The orc priest barely misses you. Something hits you.
The orc priest hits you with a +0 hand axe.
Something hits you but does no damage.
The orc priest hits you with a +0 hand axe.
Something hits you. The orc priest closely misses you.
Something hits you but does no damage.
The orc priest hits you but does no damage.
You feel less confused. Something hits you but does no damage.
The orc priest misses you.
You closely miss the orc priest. You miss something. Something hits you.
The orc priest hits you but does no damage.
You block something's attack. The orc priest barely misses you.
You hit the orc priest but do no damage.
You slash something! Something hits you but does no damage.
The orc priest hits you with a +0 hand axe.
You die...

## #. ## .. .. ..
#..##.###.###.# #
#.#.....o..... ##
...##.# #o# #.###.
##.#.#.. .o. #.....
#..#.o{##.## #...###.
#.#.#@#...#.#.#.#:# ##
#...#.).#...#...#.####
###.#.#.#...#.#.#.#.....
#...#...##.##...#....###
#.#.#.#.......#.#.#..#
#.#.).##.###.##...#..#
#.#.#...........#.#..#
#.:.##.###.###.##....#
#.#...............#..#


You could see an orc priest and an orc wizard.

Vanquished Creatures
  Jessica (D:3)
  Natasha (D:3)
  4 gnolls (D:2)
  An adder (D:2)
  A worm (D:1)
  A dart slug (D:2)
  11 orcs (D:3)
  6 bats
  4 endoplasms
  2 giant cockroaches (D:1)
  5 goblins
  6 hobgoblins
  2 jackals (D:1)
  A quokka (D:2)
  3 ball pythons
  2 frilled lizards (D:1)
  6 kobolds
  2 rats
59 creatures vanquished.

Notes
Turn   | Place    | Note
-------+----------+-------------------------------------------
     0 | D:1      | qw the Gargoyle Fighter began the quest for the Orb.
     0 | D:1      | Reached XP level 1. HP: 14/14 MP: 1/1
     0 | D:1      | 0 ||| qw: Version: 0.3-a-7-ge0c9b40
     0 | D:1      | 0 ||| qw: Game counter: 903
     0 | D:1      | 0 ||| qw: Always use a shield: true
     0 | D:1      | 0 ||| qw: God list: Okawaru
     0 | D:1      | 0 ||| qw: Allow faded altars: false
     0 | D:1      | 0 ||| qw: Do Orc after D:15 true
     0 | D:1      | 0 ||| qw: Do second Lair branch before Depths: true
     0 | D:1      | 0 ||| qw: Lair rune preference: random
     0 | D:1      | 0 ||| qw: Plans: Normal, Zot:1-4, Slime:5, God:TSO, Crypt,
                  | Tomb, Abyss, Pan, Hells, Win
     0 | D:1      | 0 ||| PLANNING D:1-11
    18 | D:1      | Reached skill level 2 in Axes
    28 | D:1      | 28 ||| Stepping ~*~*~tactically~*~*~ (stealth).
    39 | D:1      | 39 ||| FLEEEEING.
    40 | D:1      | 40 ||| FLEEEEING.
    41 | D:1      | 41 ||| FLEEEEING.
    42 | D:1      | 42 ||| FLEEEEING.
    43 | D:1      | 43 ||| FLEEEEING.
    44 | D:1      | 44 ||| FLEEEEING.
    58 | D:1      | Reached XP level 2. HP: 13/19 MP: 2/2
   359 | D:1      | 359 ||| Stepping ~*~*~tactically~*~*~ (stealth).
   361 | D:1      | 361 ||| Stepping ~*~*~tactically~*~*~ (stealth).
   362 | D:1      | 362 ||| Stepping ~*~*~tactically~*~*~ (stealth).
   546 | D:1      | Reached skill level 3 in Axes
   701 | D:1      | 701 ||| READING scroll labelled FOEZIROSUH.
   702 | D:1      | 702 ||| READING scroll labelled HEDILYF XOECERU.
   738 | D:2      | Found a faded altar of an unknown god.
   751 | D:2      | Reached XP level 3. HP: 23/23 MP: 3/3
   769 | D:2      | 769 ||| DROPPING +0 club.
   839 | D:2      | 839 ||| Stepping ~*~*~tactically~*~*~ (stealth).
  1011 | D:2      | You fall into a shaft and drop 1 floor!
  1012 | D:3      | 1012 ||| READING scroll labelled USHRAI SE VEMEN.
  1013 | D:3      | 1013 ||| DRINKING 2 metallic purple potions.
  1029 | D:2      | 1029 ||| Stepping ~*~*~tactically~*~*~ (stealth).
  1740 | D:2      | 1740 ||| Stepping ~*~*~tactically~*~*~ (hiding).
  1747 | D:2      | Reached XP level 4. HP: 20/28 MP: 4/4
  1752 | D:2      | Reached skill level 4 in Axes
  1923 | D:3      | Found Ywomeit's Weapon Emporium.
  1931 | D:3      | 1931 ||| SHOPLISTING +10 broad axe of Discretion {freeze,
                  | *Noise rF+ Will+ Str+3} (1034 gold, have 98).
  1931 | D:3      | 1931 ||| SHOPLISTING +2 war axe of Triumph {freeze, Fly
                  | rPois Str+4} (494 gold, have 98).
  1931 | D:3      | 1931 ||| SHOPLISTING +4 whip of Anxiety {flame, rF++
                  | Stlth+} (673 gold, have 98).
  1974 | D:3      | 1974 ||| Stepping ~*~*~tactically~*~*~ (stealth).
  1976 | D:3      | 1976 ||| Stepping ~*~*~tactically~*~*~ (hiding).
  2165 | D:3      | 2165 ||| Stepping ~*~*~tactically~*~*~ (stealth).
  2206 | D:3      | 2206 ||| Stepping ~*~*~tactically~*~*~ (stealth).
  2208 | D:3      | 2208 ||| Stepping ~*~*~tactically~*~*~ (stealth).
  2210 | D:3      | 2210 ||| Stepping ~*~*~tactically~*~*~ (stealth).
  2212 | D:3      | 2212 ||| Stepping ~*~*~tactically~*~*~ (stealth).
  2214 | D:3      | 2214 ||| Stepping ~*~*~tactically~*~*~ (stealth).
  2216 | D:3      | 2216 ||| Stepping ~*~*~tactically~*~*~ (stealth).
  2218 | D:3      | 2218 ||| Stepping ~*~*~tactically~*~*~ (stealth).
  2220 | D:3      | 2220 ||| Stepping ~*~*~tactically~*~*~ (stealth).
  2222 | D:3      | 2222 ||| Stepping ~*~*~tactically~*~*~ (stealth).
  2224 | D:3      | 2224 ||| Stepping ~*~*~tactically~*~*~ (stealth).
  2226 | D:3      | 2226 ||| Stepping ~*~*~tactically~*~*~ (stealth).
  2228 | D:3      | 2228 ||| Stepping ~*~*~tactically~*~*~ (stealth).
  2230 | D:3      | 2230 ||| Stepping ~*~*~tactically~*~*~ (stealth).
  2232 | D:3      | 2232 ||| Stepping ~*~*~tactically~*~*~ (stealth).
  2234 | D:3      | 2234 ||| Stepping ~*~*~tactically~*~*~ (stealth).
  2246 | D:3      | 2246 ||| Stepping ~*~*~tactically~*~*~ (hiding).
  2247 | D:3      | 2247 ||| Stepping ~*~*~tactically~*~*~ (hiding).
  2276 | D:3      | Noticed Natasha
  2283 | D:3      | Killed Natasha
  2284 | D:3      | Reached XP level 5. HP: 23/32 MP: 5/5
  2395 | D:3      | 2395 ||| Stepping ~*~*~tactically~*~*~ (hiding).
  2533 | D:3      | Noticed Jessica
  2538 | D:3      | Killed Jessica
  2539 | D:3      | Reached skill level 5 in Axes
  2556 | D:3      | 2556 ||| Stepping ~*~*~tactically~*~*~ (hiding).
  2561 | D:3      | 2561 ||| Stepping ~*~*~tactically~*~*~ (hiding).
  2562 | D:3      | 2562 ||| Stepping ~*~*~tactically~*~*~ (hiding).
  2563 | D:3      | 2563 ||| Stepping ~*~*~tactically~*~*~ (hiding).
  2564 | D:3      | 2564 ||| Stepping ~*~*~tactically~*~*~ (hiding).
  2580 | D:3      | HP: 7/32 [orc priest/+0 hand axe (3)]
  2585 | D:3      | HP: 5/32 [something (1)]
  2586 | D:3      | Slain by an orc priest

Levels and vault maps discovered:
D:1:      dpeg_arrival_leaves_temple_mockup, layout_loops_ring,
          nicolae_wormholes
D:2:      layout_loops_corners, hellmonk_ecumenical_altar_blasted,
          serial_aquarium, aquarium_bridge_straight [aquarium_subvault_bridge,
          aquarium_subvault_window, aquarium_subvault_bridge,
          aquarium_subvault_wall], aquarium_window_fake,
          aquarium_window_corridor_2, aquarium_window_1, aquarium_view_2a,
          aquarium_balcony_3a
D:3:      corexii_shack_village, layout_loops_ring, serial_shops, shop,
          nicolae_concentric_dashed_squares_mild, uniq_natasha, uniq_jessica

Skill      XL: |  1  2  3  4  5 |
---------------+----------------+-----
Axes           | 2 3 4 5 |  5.0
Fighting       | |  3.3
Armour         | |  3.2
Shields        | |  3.2

Action                     |  1- 3 |  4- 6 || total
---------------------------+-------+-------++-------
  Melee: War axe           |   113 |    79 ||   192
  Throw: Boomerang         |       |     4 ||     4
    Use: Scroll            |     3 |       ||     3
         Potion            |     1 |       ||     1
 Armour: Scale mail        |    41 |    52 ||    93
  Dodge: Dodged            |    43 |    33 ||    76
  Block: Buckler           |    25 |    18 ||    43

Table legend:
 A = Non-vault XP
 B = Vault XP
 C = Vault XP percentage of total XP
 D = Non-vault monster count
 E = Vault monster count
 F = Vault count percentage of total count
                 A         B        C        D         E       F
            +---------+---------+-------+---------+---------+-------
      Total |     161 |      86 |  34.8 |      51 |       8 |  13.6
            +---------+---------+-------+---------+---------+-------
        D:1 |      27 |       5 |  15.6 |      16 |       1 |   5.9
        D:2 |     100 |       0 |   0.0 |      21 |       0 |   0.0
        D:3 |      34 |      81 |  70.4 |      14 |       7 |  33.3
            +---------+---------+-------+---------+---------+-------
